 Dungeon Crawl Stone Soup version 0.26-a0-1038-gfb849e850a (webtiles) character file.

Game seed: 12586242800944206505

17758 Gargoyl the Fighter (level 12, 0/97 HPs)
             Began as a Gnoll Abyssal Knight on Dec 10, 2020.
             Was a High Priest of Lugonu.
             Slain by a demonic crawler (5 damage)
             ... summoned by a deep elf mage
             ... on level 12 of the Dungeon on Dec 11, 2020.
             The game lasted 00:23:23 (16127 turns).

Gargoyl the Fighter (Gnoll Abyssal Knight)         Turns: 16127, Time: 00:23:24

Health: 0/97       AC:  6    Str: 19    XL:     12   Next: 51%
Magic:  21/23      EV: 14    Int: 18    God:    Lugonu [*****.]
Gold:   435        SH: 11    Dex: 23    Spells: 25/25 levels left

rFire    . . .     SeeInvis +   x - +5 war axe (drain)
rCold    . . .     Faith    .   s - +0 kite shield
rNeg     + . .     Spirit   .   H - +1 scale mail of Dishonour {+Blink rCorr Dex+6 Stlth-} (curse)
rPois    .         Reflect  .   A - +1 hat {Int+3}
rElec    .         Harm     .   t - +1 cloak (curse)
rCorr    +         Rampage  .   c - +2 pair of gloves
Will     .....     Clarity  +   D - +1 pair of boots
Stlth    ++........             o - amulet of the acrobat
HPRegen  0.26/turn              l - ring of positive energy
MPRegen  0.18/turn              q - ring of see invisible

@: corroded, lightly drained
A: distributed training, antennae 1, fangs 1, agile 1, clarity, strong nose
a: Depart the Abyss, Bend Space, Banish, Corrupt, Enter the Abyss, Renounce
Religion, Evoke Blink


You were on level 12 of the Dungeon.
You worshipped Lugonu.
Lugonu was extremely pleased with you.
You visited 1 branch of the dungeon, and saw 12 of its levels.
You visited the Abyss 1 time.

You collected 666 gold pieces.
You spent 231 gold pieces at shops.

Inventory:

Hand Weapons
 a - a +2 hand axe
 n - a +2 mace of holy wrath
 x - a +5 war axe of draining (weapon)
 B - a +2 scimitar of flaming
Missiles
 d - 61 poisoned darts (quivered)
Armour
 c - a +2 pair of gloves (worn)
 s - a +0 kite shield (worn)
 t - a cursed +1 cloak (worn)
 A - a +1 hat of intelligence (worn)
 D - a +1 pair of boots (worn)
 H - the cursed +1 scale mail of Dishonour (worn) {+Blink rCorr Dex+6 Stlth-}
   (You found it on level 9 of the Dungeon)

   It affects your dexterity (+6).
   It lets you blink.
   It provides partial protection from all sources of acid and corrosion.
   It makes you less stealthy.
   It has a curse placed upon it.
Jewellery
 l - a ring of positive energy (left hand)
 o - an amulet of the acrobat (around neck)
 q - a ring of see invisible (right hand)
 w - an uncursed ring of flight
 F - an uncursed ring of fire
Wands
 i - a wand of iceblast (17)
 p - a wand of random effects (38)
 y - a wand of acid (11)
 E - a wand of disintegration (10)
Scrolls
 b - 6 scrolls of remove curse
 f - a scroll of fog
 j - a scroll of blinking
 r - 6 scrolls of teleportation
 z - 4 scrolls of identify
 C - a scroll of magic mapping
Potions
 e - a potion of brilliance
 g - 2 potions of curing
 h - 5 potions of flight
 k - a potion of invisibility
 m - 2 potions of haste
 u - a potion of magic
 v - 4 potions of mutation
 G - a potion of attraction


   Skills:
 + Level 9.9(9.4) Fighting
 + Level 7.3(6.9) Short Blades
 + Level 7.3(6.9) Long Blades
 + Level 8.7(8.3) Axes
 + Level 7.3(6.9) Maces & Flails
 + Level 7.3(6.9) Polearms
 + Level 7.3(6.9) Staves
 + Level 7.3(6.9) Slings
 + Level 7.3(6.9) Bows
 + Level 7.3(6.9) Crossbows
 + Level 7.3(6.9) Throwing
 + Level 8.7(8.3) Armour
 + Level 7.8(7.4) Dodging
 + Level 7.3(6.9) Stealth
 + Level 7.3(6.9) Shields
 + Level 7.3(6.9) Unarmed Combat
 + Level 7.3(6.9) Spellcasting
 + Level 6.1(5.6) Conjurations
 + Level 6.1(5.6) Hexes
 + Level 6.1(5.6) Summonings
 + Level 6.1(5.6) Necromancy
 + Level 6.1(5.6) Translocations
 + Level 6.1(5.6) Transmutations
 + Level 6.1(5.6) Fire Magic
 + Level 6.1(5.6) Ice Magic
 + Level 6.1(5.6) Air Magic
 + Level 6.1(5.6) Earth Magic
 + Level 6.1(5.6) Poison Magic
 + Level 9.3(8.8) Invocations
 + Level 7.3(6.9) Evocations


You had 25 spell levels left.
You didn't know any spells.
Your spell library contained the following spells:

 Spells                   Type           Power        Failure   Level
 Animate Skeleton         Necr           ####..       8%          1
 Apportation              Tloc           ####..       8%          1
 Corona                   Hex            ####...      8%          1
 Magic Dart               Conj           ####         8%          1
 Summon Small Mammal      Summ           ####         8%          1
 Blink                    Tloc           N/A          12%         2
 Call Imp                 Summ           ####....     12%         2
 Slow                     Hex            ####....     12%         2
 Conjure Flame            Conj/Fire      ####....     24%         3
 Mephitic Cloud           Conj/Pois/Air  ####....     24%         3


Dungeon Overview and Level Annotations

Branches:
Dungeon (12/15)            Temple (0/1) D:5            Lair (0/6) D:10
    Orc (0/2) D:12

Altars:
Dithmenos
Elyvilon
Gozag
Hepliaklqana
Kikubaaqudgha
Makhleb
Qazlal
Xom
Zin

Shops:
D:6 ?   D:8 }


Innate Abilities, Weirdness & Mutations

Your experience applies equally to all skills.
You have very sharp teeth.
Your uncanny sense of smell can sniff out nearby items.
You have a pair of small antennae on your head.
You are agile. (Dex +2)
You possess an exceptional clarity of mind.


Message History

You feel better. The tarantella barely misses you.
The demonic crawler closely misses you.
You block the demonic crawler's attack. x2
The deep elf mage casts a spell at you.
The bolt of negative energy hits the demonic crawler.
The demonic crawler completely resists.
The bolt of negative energy hits you! You partially resist.
You feel drained.
* * * LOW HITPOINT WARNING * * *
You block the tarantella's attack. Space bends sharply around you!
The demonic crawler blinks! x2; You blink.
The tarantella bites you.
* * * LOW HITPOINT WARNING * * *
You feel momentarily confused.
The jumping spider leaps!
The deep elf mage mumbles some strange words.
Unknown command.
Space bends around you!
You blink.
The demonic crawler closely misses you. The demonic crawler hits you!
* * * LOW HITPOINT WARNING * * *
You block the demonic crawler's attack. The demonic crawler barely misses you.
The demonic crawler hits you.
You die...

#.......######..#
#....##... #..######
#..# ∆ #...##...# #..#
#.## #.......## #..# #.#
#.....8.+. #..#
#.#####+#.......## #..#
#...........##...#
######...(.......###...
##.........s.....[..####
.......@....s...........
.......(s...######......
.......e°...# #..}...
####.....ss.# #......
#....§3§§# #......
#..#+#§.§# #....## #.?
+§..# #....# #.. #...#
#....# ...§.# #....#


You could see a soul eater (summoned), 2 demonic crawlers, a deep elf mage
(poisoned, drained), a jumping spider (summoned), a tarantella (summoned) and a
redback (summoned).

Vanquished Creatures
  Gastronok (D:8)
  Snorg (D:12)
  2 boulder beetles
  Erica (D:8)
  A death knight (D:10)
  A two-headed ogre (D:9)
  The ghost of sylvie the Cleaver, a novice FoFi of Okawaru (D:9)
  An unseen horror (D:11)
  A deep elf mage (D:10)
  Pikel (D:7)
  2 ugly things
  2 cyclopes
  An elephant (D:9)
  Maurice (D:10)
  Maggie (D:7)
  An efreet (D:11)
  A troll (D:8)
  A vampire (D:11)
  3 wyverns
  2 wraiths
  9 yaks
  A basilisk (D:10)
  Menkaure (D:7)
  Duvessa (D:4)
  3 orc warriors
  8 ogres
  4 sky beasts
  A black bear (D:10)
  A phantom (D:10)
  4 centaurs
  3 lemures (D:7)
  2 big kobolds
  3 bullfrogs
  A water moccasin zombie (D:7)
  4 scorpions
  Dowan (D:4)
  4 wights (D:8)
  The ghost of hemabe71 the Charlatan, a weakling HuAr (D:3)
  2 centaur zombies
  2 centaur skeletons
  8 orc priests
  5 hounds
  3 jellies
  2 bullfrog skeletons
  3 iguanas
  Ijyb (D:4)
  16 orc wizards
  10 worker ants
  2 hound zombies
  2 hound skeletons
  A worker ant zombie (D:9)
  6 gnolls
  7 adders
  A shadow imp (D:5)
  2 white imps
  An ufetubus (D:5)
  2 adder skeletons
  3 worms
  3 dart slugs
  7 leopard geckos
  48 orcs
  8 bats
  6 giant cockroaches
  8 hobgoblins
  20 jackals
  3 quokkas
  3 ball pythons
  3 frilled lizards (D:1)
  7 goblins
  A jackal zombie (D:6)
  16 kobolds
  6 rats
296 creatures vanquished.

Vanquished Creatures (others)
  A hound (D:10)
  An adder (D:7)
  An orc (D:10)
3 creatures vanquished.

Grand Total: 299 creatures vanquished

Notes
Turn   | Place    | Note
-------+----------+-------------------------------------------
     0 | Abyss:1  | Gargoyl the Gnoll Abyssal Knight began the quest for the
                  | Orb.
     0 | Abyss:1  | Reached XP level 1. HP: 23/23 MP: 3/3
    85 | Abyss:1  | Noticed a shadow
    90 | D:1      | Escaped the Abyss
   133 | D:1      | Reached * piety under Lugonu
   134 | D:1      | Reached XP level 2. HP: 29/29 MP: 5/5
   858 | D:1      | Reached XP level 3. HP: 33/35 MP: 6/6
  1058 | D:2      | Upgraded the game from 0.26-a0-1033-gd598b01645 to
                  | 0.26-a0-1038-gfb849e850a
  1175 | D:2      | Found a faded altar of an unknown god.
  1220 | D:2      | Reached skill level 1 in Short Blades
  1220 | D:2      | Reached skill level 1 in Long Blades
  1220 | D:2      | Reached skill level 1 in Maces & Flails
  1220 | D:2      | Reached skill level 1 in Polearms
  1220 | D:2      | Reached skill level 1 in Staves
  1220 | D:2      | Reached skill level 1 in Slings
  1220 | D:2      | Reached skill level 1 in Bows
  1220 | D:2      | Reached skill level 1 in Crossbows
  1220 | D:2      | Reached skill level 1 in Throwing
  1220 | D:2      | Reached skill level 1 in Stealth
  1220 | D:2      | Reached skill level 1 in Shields
  1220 | D:2      | Reached skill level 1 in Unarmed Combat
  1220 | D:2      | Reached skill level 1 in Spellcasting
  1220 | D:2      | Reached skill level 1 in Evocations
  1220 | D:2      | Reached XP level 4. HP: 28/41 MP: 7/7
  1957 | D:3      | Reached skill level 1 in Conjurations
  1957 | D:3      | Reached skill level 1 in Hexes
  1957 | D:3      | Reached skill level 1 in Summonings
  1957 | D:3      | Reached skill level 1 in Necromancy
  1957 | D:3      | Reached skill level 1 in Translocations
  1957 | D:3      | Reached skill level 1 in Transmutations
  1957 | D:3      | Reached skill level 1 in Fire Magic
  1957 | D:3      | Reached skill level 1 in Ice Magic
  1957 | D:3      | Reached skill level 1 in Air Magic
  1957 | D:3      | Reached skill level 1 in Earth Magic
  1957 | D:3      | Reached skill level 1 in Poison Magic
  2136 | D:3      | Noticed hemabe71's ghost (weakling HuAr)
  2136 | D:3      | Noticed an ogre
  2136 | D:3      | Noticed an ogre
  2137 | D:3      | Found a transporter.
  2137 | D:3      | Noticed an ogre
  2141 | D:3      | Found a transporter.
  2210 | D:3      | Reached ** piety under Lugonu
  2568 | D:3      | Reached XP level 5. HP: 42/47 MP: 8/8
  3052 | D:4      | Noticed Ijyb
  3076 | D:4      | Killed Ijyb
  3224 | D:4      | Reached skill level 5 in Invocations
  3443 | D:4      | Reached XP level 6. HP: 53/53 MP: 9/9
  3463 | D:4      | Reached skill level 5 in Axes
  3463 | D:4      | Reached skill level 5 in Armour
  3869 | D:4      | Found an ancient bone altar of Kikubaaqudgha.
  3937 | D:4      | Reached XP level 7. HP: 17/59 MP: 10/10
  4200 | D:4      | Noticed Dowan
  4201 | D:4      | Noticed Duvessa
  4215 | D:4      | Killed Dowan
  4256 | D:4      | HP: 1/60 [Duvessa/+0 short sword (16)]
  4276 | D:4      | HP: 2/60 [Duvessa/+0 short sword (6)]
  4279 | D:4      | Killed Duvessa
  4936 | D:5      | Entered Level 5 of the Dungeon
  5395 | D:4      | Reached XP level 8. HP: 67/67 MP: 12/12
  5604 | D:5      | Reached *** piety under Lugonu
  5956 | D:5      | Found a staircase to the Ecumenical Temple.
  6211 | D:5      | Found a glowing silver altar of Zin.
  7129 | D:6      | Found Tejen's Magic Scroll Boutique.
  7134 | D:6      | Bought a scroll of teleportation for 42 gold pieces
  7134 | D:6      | Bought a scroll of teleportation for 42 gold pieces
  7134 | D:6      | Bought a scroll of teleportation for 42 gold pieces
  7134 | D:6      | Bought a scroll of blinking for 105 gold pieces
  7553 | D:7      | Found a white marble altar of Elyvilon.
  7823 | D:7      | Reached XP level 9. HP: 69/72 MP: 14/14
  7986 | D:7      | Noticed Pikel
  8001 | D:7      | Killed Pikel
  8002 | D:7      | Reached skill level 5 in Dodging
  8076 | D:7      | Noticed Menkaure
  8076 | D:7      | Noticed Maggie
  8080 | D:7      | Killed Menkaure
  8091 | D:7      | Killed Maggie
  8416 | D:7      | Found a burning altar of Makhleb.
  8417 | D:7      | Found an opulent altar of Gozag.
  8585 | D:8      | Reached **** piety under Lugonu
  8716 | D:8      | Noticed Gastronok
  8978 | D:8      | Killed Gastronok
  8979 | D:8      | Reached skill level 5 in Short Blades
  8979 | D:8      | Reached skill level 5 in Long Blades
  8979 | D:8      | Reached skill level 5 in Maces & Flails
  8979 | D:8      | Reached skill level 5 in Polearms
  8979 | D:8      | Reached skill level 5 in Staves
  8979 | D:8      | Reached skill level 5 in Slings
  8979 | D:8      | Reached skill level 5 in Bows
  8979 | D:8      | Reached skill level 5 in Crossbows
  8979 | D:8      | Reached skill level 5 in Throwing
  8979 | D:8      | Reached skill level 5 in Stealth
  8979 | D:8      | Reached skill level 5 in Shields
  8979 | D:8      | Reached skill level 5 in Unarmed Combat
  8979 | D:8      | Reached skill level 5 in Spellcasting
  8979 | D:8      | Reached skill level 5 in Evocations
  8979 | D:8      | Reached XP level 10. HP: 21/82 MP: 17/17
  9255 | D:8      | Noticed Erica
  9421 | D:8      | Killed Erica
 10016 | D:8      | Found Xatzodex's Gadget Shoppe.
 10213 | D:9      | Gained mutation: You are agile. (Dex +2) [potion of
                  | mutation]
 10213 | D:9      | Gained mutation: You have a pair of small antennae on your
                  | head. [potion of mutation]
 10213 | D:9      | Gained mutation: You possess an exceptional clarity of
                  | mind. [potion of mutation]
 10372 | D:9      | Noticed a two-headed ogre
 10372 | D:9      | Noticed a glowing orange brain
 10376 | D:9      | Found a runed translucent gate.
 10376 | D:9      | Found a runed translucent gate.
 10376 | D:9      | Found a runed translucent gate.
 10383 | D:9      | Found a stormy altar of Qazlal.
 10430 | D:9      | Noticed sylvie's ghost (novice FoFi)
 10687 | D:3      | Killed hemabe71's ghost
 10706 | D:3      | Reached XP level 11. HP: 64/87 MP: 19/19
 11608 | D:9      | Found a shimmering altar of Xom.
 11609 | D:9      | Found a hazy altar of Hepliaklqana.
 11610 | D:9      | Found a shadowy altar of Dithmenos.
 11796 | D:9      | Reached skill level 5 in Conjurations
 11796 | D:9      | Reached skill level 5 in Hexes
 11796 | D:9      | Reached skill level 5 in Summonings
 11796 | D:9      | Reached skill level 5 in Necromancy
 11796 | D:9      | Reached skill level 5 in Translocations
 11796 | D:9      | Reached skill level 5 in Transmutations
 11796 | D:9      | Reached skill level 5 in Fire Magic
 11796 | D:9      | Reached skill level 5 in Ice Magic
 11796 | D:9      | Reached skill level 5 in Air Magic
 11796 | D:9      | Reached skill level 5 in Earth Magic
 11796 | D:9      | Reached skill level 5 in Poison Magic
 12210 | D:9      | Got a dazzling scale mail
 12221 | D:9      | Identified the cursed +1 scale mail of Dishonour {+Blink
                  | rCorr Dex+6 Stlth-} (You found it on level 9 of the
                  | Dungeon)
 12298 | D:9      | Killed sylvie's ghost
 12641 | D:9      | Killed a two-headed ogre
 12775 | D:9      | Reached ***** piety under Lugonu
 12857 | D:10     | Entered Level 10 of the Dungeon
 12862 | D:10     | Found a staircase to the Lair.
 13235 | D:10     | Noticed a deep elf mage
 13259 | D:10     | Killed a deep elf mage
 13783 | D:10     | Noticed Maurice
 13790 | D:10     | Paralysed by Maurice for 7 turns
 13800 | D:10     | Killed Maurice
 14129 | D:11     | Noticed an unseen horror
 14139 | D:11     | Killed an unseen horror
 14172 | D:11     | Noticed a cyclops
 14180 | D:11     | Killed a cyclops
 14282 | D:11     | Noticed a boulder beetle
 14315 | D:11     | Killed a boulder beetle
 14316 | D:11     | Reached XP level 12. HP: 20/96 MP: 22/22
 14718 | D:11     | Noticed a death knight
 14744 | D:10     | Killed a death knight
 15777 | D:12     | Found a staircase to the Orcish Mines.
 15778 | D:12     | Noticed a boulder beetle
 15793 | D:12     | Killed a boulder beetle
 15912 | D:12     | Noticed Snorg
 15928 | D:12     | Killed Snorg
 16127 | D:12     | Noticed a soul eater
 16127 | D:12     | Slain by a demonic crawler

Illustrated notes

Levels and vault maps discovered:
D:1:      moated_graveyard_arrival, layout_basic
D:2:      layout_loops_ring, chequers_ecumenical_altar_twisty
D:3:      layout_basic, gammafunk_ghost_smash, bh_walls_and_bars
D:4:      layout_basic, kennysheep_mini_moat, cheibrodos_sewer_entry_bend,
          uniq_duvessa, uniq_ijyb
D:5:      layout_basic, zin_academy, minmay_temple_entry_statues_fountains
D:6:      layout_loops_ring, serial_shops, shop, dk_noncrumbling_4
D:7:      layout_gridville, gammafunk_temple_overflow_statue, elyvilon_altar_5,
          uniq_menkaure, uniq_maggie, uniq_pikel
D:8:      layout_cave_pools, serial_shops, shop, uniq_erica, uniq_gastronok
D:9:      layout_grid_maze, chequers_temple_overflow_statue_of_worship,
          old_standard_altar, gammafunk_ghost_split
D:10:     layout_roguey, david_lair_generic, serial_rivers,
          chequers_serial_rivers_micro_b, chequers_serial_rivers_room_b,
          chequers_serial_rivers_large_a, chequers_serial_rivers_marsh,
          lemuel_flamethrower_1, uniq_maurice
D:11:     layout_long_grid
D:12:     layout_irregular_city, david_orc_1_choice, serial_shops,
          nicolae_shop_behind_doors, uniq_snorg

Skill      XL: |  1  2  3  4  5  6  7  8  9 10 11 12 |
---------------+-------------------------------------+-----
Short Blades   | 1 2 3 5 6 7 |  7.3
Long Blades    | 1 2 3 5 6 7 |  7.3
Maces & Flails | 1 2 3 5 6 7 |  7.3
Polearms       | 1 2 3 5 6 7 |  7.3
Staves         | 1 2 3 5 6 7 |  7.3
Slings         | 1 2 3 5 6 7 |  7.3
Bows           | 1 2 3 5 6 7 |  7.3
Crossbows      | 1 2 3 5 6 7 |  7.3
Throwing       | 1 2 3 5 6 7 |  7.3
Stealth        | 1 2 3 5 6 7 |  7.3
Shields        | 1 2 3 5 6 7 |  7.3
Unarmed Combat | 1 2 3 5 6 7 |  7.3
Spellcasting   | 1 2 3 5 6 7 |  7.3
Evocations     | 1 2 3 5 6 7 |  7.3
Conjurations   | 1 2 3 4 5 6 |  6.1
Hexes          | 1 2 3 4 5 6 |  6.1
Summonings     | 1 2 3 4 5 6 |  6.1
Necromancy     | 1 2 3 4 5 6 |  6.1
Translocations | 1 2 3 4 5 6 |  6.1
Transmutations | 1 2 3 4 5 6 |  6.1
Fire Magic     | 1 2 3 4 5 6 |  6.1
Ice Magic      | 1 2 3 4 5 6 |  6.1
Air Magic      | 1 2 3 4 5 6 |  6.1
Earth Magic    | 1 2 3 4 5 6 |  6.1
Poison Magic   | 1 2 3 4 5 6 |  6.1
Dodging        | 3 4 6 7 |  7.8
Invocations    | 5 6 7 8 9 |  9.3
Axes           | 5 6 7 8 |  8.7
Armour         | 5 6 7 8 |  8.7
Fighting       | 7 8 9 |  9.9

Action                   |  1- 3 |  4- 6 |  7- 9 | 10-12 || total
-------------------------+-------+-------+-------+-------++-------
Melee: Hand axe          |    69 |   204 |   156 |       ||   429
       Bite              |     6 |    13 |    40 |    71 ||   130
       War axe           |       |       |   140 |   452 ||   592
Throw: Dart              |       |    11 |    38 |    28 ||    77
Invok: Depart the Abyss  |     1 |       |       |       ||     1
       Bend Space        |       |       |       |     3 ||     3
  Use: Scroll            |     5 |     5 |     9 |    10 ||    29
       Potion            |     1 |       |     5 |     4 ||    10
 Stab: Sleeping          |     1 |     1 |     1 |     1 ||     4
Armor: Leather armour    |    22 |     2 |       |       ||    24
       Ring mail         |       |    74 |    63 |       ||   137
       Chain mail        |       |       |    53 |    51 ||   104
       Scale mail        |       |       |       |    98 ||    98
Dodge: Dodged            |    45 |   111 |   111 |   266 ||   533
Block: Kite shield       |       |    18 |   155 |   292 ||   465

Table legend: (Time is in decaauts)
 A = Elapsed time spent in this place.
 B = Non-inter-level travel time spent in this place.
 C = Inter-level travel time spent in this place.
 D = Time resting spent in this place.
 E = Time spent auto-exploring this place.
 F = Levels seen in this place.
 G = Mean time per level.
                   A        B        C        D        E       F      G
               +--------+--------+--------+--------+--------+-----+--------+
         Total |  16326 |  15558 |    768 |   3144 |   9297 |  13 | 1255.8 |
       Dungeon |  16236 |  15468 |    768 |   3144 |   9240 |  12 | 1353.0 |
         Abyss |     90 |     90 |      0 |      0 |     57 |   1 |   90.0 |
               +--------+--------+--------+--------+--------+-----+--------+

Top non-repeatable levels by time:
     D:4: 2297 daAuts
     D:9: 2291 daAuts
     D:7: 1661 daAuts
     D:3: 1592 daAuts
    D:11: 1354 daAuts
    D:10: 1339 daAuts
     D:5: 1239 daAuts
     D:8: 1168 daAuts
     D:6: 1127 daAuts
     D:1: 861 daAuts
     D:2: 859 daAuts
    D:12: 444 daAuts
 Abyss:1: 90 daAuts
